 Dungeon Crawl Stone Soup version 0.20-a0-945-g3bf614a (webtiles) character file.

412936 Isola the Cloud Mage (level 23, -12/142 HPs)
             Began as a Tengu Fighter on Apr 1, 2017.
             Was the Champion of Okawaru.
             Mangled by a white very ugly thing (23 damage)
             ... while paralysed by a great orb of eyes
             ... on level 2 of the Depths on Apr 2, 2017.
             The game lasted 02:31:55 (48097 turns).

Isola the Cloud Mage (Tengu Fighter)               Turns: 48097, Time: 02:31:56

Health: -12/142    AC: 28    Str: 29    XL:     23   Next: 85%
Magic:  36/42      EV:  2    Int: 19    God:    Okawaru [******]
Gold:   2528       SH:  0    Dex: 21    Spells: 36/50 levels left

rFire    . . .     SeeInvis .   R - +7 double sword (vamp)
rCold    . . .     Gourm    .   T - +1 buckler {AC+3}
rNeg     . . .     Faith    .   S - +3 acid dragon scales
rPois    .         Spirit   .   m - +0 hat "Gaimucyo" {rCorr Str+4 Slay+3}
rElec    +         Reflect  +   h - +3 cloak of Senkou {rElec rC- Str+7 Stlth+}
rCorr    +         Harm     .   Z - +2 pair of gloves {Dex+3}
MR       +....                  (boots unavailable)
Stlth    ++........             V - brooch of Shielding {Reflect SH+8}
Regen    0.4/turn               d - ring of protection from cold
MPRegen  0.3/turn               E - +2 ring of slaying

@: paralysed, flying quickly and evasively, quick
A: beak, talons 3, thin metallic scales 1, agile 2, clever 1, subdued magic 1,
able to fly 2
}: 1/15 runes: serpentine
a: Stop Flying, Heroism, Finesse, Renounce Religion


You were on level 2 of the Depths.
You worshipped Okawaru.
Okawaru was exalted by your worship.
You were very hungry.

You visited 9 branches of the dungeon, and saw 42 of its levels.
You visited 2 bazaars.
You also visited: Volcano.

You collected 4981 gold pieces.
You spent 2453 gold pieces at shops.

Inventory:

Hand Weapons
 j - a +8 demon blade of flaming
 R - a +7 vampiric double sword (weapon)
Armour
 h - the +3 cloak of Senkou (worn) {rElec rC- Str+7 Stlth+}
   (You acquired it on level 6 of the Lair of Beasts)

   It affects your strength (+7).
   It makes you vulnerable to cold.
   It insulates you from electricity.
   It makes you more stealthy.
 m - the +0 hat "Gaimucyo" (worn) {rCorr Str+4 Slay+3}
   (Okawaru gifted it to you on level 2 of the Elven Halls)

   It affects your strength (+4).
   It affects your accuracy and damage with ranged weapons and melee attacks
   (+3).
   It protects you from acid and corrosion.
 S - +3 acid dragon scales (worn)
 T - a +1 buckler of protection (worn)
 Z - a +2 pair of gloves of dexterity (worn)
Jewellery
 d - a ring of protection from cold (left hand)
 e - an uncursed ring of poison resistance
 k - an uncursed ring of protection from fire
 r - a +2 ring of evasion
 x - an uncursed ring of wizardry
 E - a +2 ring of slaying (right hand)
 J - an uncursed ring of protection from magic
 M - the ring of Nif Vioj {rPois rF+}
   (You took it off a deep elf blademaster on level 3 of the Elven Halls)

   [ring of protection from fire]

   It protects you from fire.
   It protects you from poison.
 Q - the ring "Xunkoypi" {rElec MR+ Int-2 SInv}
   (You found it on level 1 of the Snake Pit)

   [ring of see invisible]

   It affects your intelligence (-2).
   It insulates you from electricity.
   It affects your resistance to hostile enchantments.
   It lets you see invisible.
 V - the brooch of Shielding (around neck) {Reflect SH+8}
   (You took it off a deep elf high priest on level 3 of the Elven Halls)

   [amulet of reflection]

   It shields you and reflects attacks.
   It affects your SH (+8).
Wands
 H - a wand of digging (14/24)
 N - a wand of scattershot (7/9)
Scrolls
 a - a scroll of holy word
 b - 26 scrolls of teleportation
 c - a scroll of silence
 i - 3 scrolls of recharging
 l - 7 scrolls of fog
 z - 19 scrolls of identify
 B - 2 scrolls of brand weapon
 C - 2 scrolls of fear
 F - a scroll of amnesia
 G - 11 scrolls of remove curse
 K - 3 scrolls of summoning
 O - a scroll of acquirement
 P - a scroll of blinking
 U - 2 scrolls of magic mapping
Potions
 n - 5 potions of agility
 o - 4 potions of magic
 p - 7 potions of ambrosia
 q - a potion of berserk rage
 s - 18 potions of curing
 u - 5 potions of might
 v - 3 potions of resistance
 w - 9 potions of brilliance
 y - a potion of cancellation
 A - 5 potions of heal wounds
 D - a potion of mutation
 I - 7 potions of haste
 L - a potion of invisibility
Comestibles
 f - 26 bread rations
 g - 27 royal jellies
 t - 17 meat rations
 W - 16 fruits


   Skills:
 - Level 14.0 Fighting
 - Level 16.4 Long Blades
 - Level 20.0 Armour
 * Level 15.4 Dodging
 - Level 8.6 Shields
 - Level 14.0 Spellcasting
 * Level 23.3 Air Magic
 - Level 10.0 Invocations


You had 36 spell levels left.
You knew the following spells:

 Your Spells              Type           Power        Failure   Level  Hunger
a - Tornado               Air            ######....   34%         9    #######
b - Silence               Hex/Air        #####.....   1%          5    ####...


Dungeon Overview and Level Annotations

Branches:
Dungeon (15/15)            Temple (1/1) D:7            Lair (6/6) D:11
 Shoals (3/4) Lair:4        Snake (4/4) Lair:4        Slime (0/5) Lair:5
    Orc (2/2) D:11            Elf (3/3) Orc:2        Vaults (5/5) D:13
  Crypt (0/3) Vaults:2     Depths (3/5) D:15

Altars:
Ashenzari
Cheibriados
Dithmenos
Elyvilon
Fedhas
Gozag
Hepliaklqana
Kikubaaqudgha
Makhleb
Nemelex Xobeh
Okawaru
Qazlal
Ru
Sif Muna
Trog
Uskayaw
Vehumet
Wu Jian
Xom
Yredelemnul
Zin
The Shining One
Beogh

Shops:
D:13 *   Orc:1 (   Orc:2 :*?%   Elf:3 [   Shoals:1 (   Snake:2 }   Snake:4 %
Vaults:1 *?%   Vaults:3 ?   Depths:3 *

Portals:
Hell: Depths:1 Depths:2 Depths:3
Pandemonium: Depths:1

Annotations:
Elf:2 4 runed doors


Innate Abilities, Weirdness & Mutations

You have a beak for a mouth.
You have claws for feet.
You can fly continuously.
You are partially covered in thin metallic scales. (AC +2)
You are very agile. (Dex +4)
Your mind is acute. (Int +2)
Your spells are a little easier to cast, but a little less powerful.


Message History

Your kick misses the white very ugly thing.
Your peck misses the white very ugly thing.
The white very ugly thing is heavily wounded.
You block the white very ugly thing's attack.
You slash the white very ugly thing!
You claw the white very ugly thing, but do no damage.
You peck the white very ugly thing.
The white very ugly thing is severely wounded.
The great orb of eyes gazes at you.
You suddenly lose the ability to move!
The white very ugly thing kicks you!
The white very ugly thing freezes you!!!
* * * LOW HITPOINT WARNING * * *
The white very ugly thing barely misses you.
The great orb of eyes gazes at you.
You easily resist.
The white very ugly thing kicks you.
* * * LOW HITPOINT WARNING * * *
The white very ugly thing freezes you!!
You die...

...#..(..##.....''....(##[....#..
..##.[(.###...⌠.''.⌠...###....##.
..#....#####....##....''##'....#.
.###'..#).############''..'..'###
.#..)###...###......###((.###'..#
.#..))#....##........##.(..#....#
.#....#..8.#..........#.⌠..#....#
.#).#)#....#...u.)....#....#.#..#
##(#8.##''##....@>....##''##.8#.#
##.#⌠.##''##..}/∩.....##[)##..#.#
.#..#.#...G'....))(...#....#.#..#
.#....#....'....(.....#.⌠..#....#
.#.(..#....##........##.(..#....#
.#..)###..)###......###...###'..#
.###((.#..''##########)'..#†.'###
.§#.(..###'))...##)..)''###.)..#.
..##..)(###...8.')[8)[.###....##.


You could see a white very ugly thing and a great orb of eyes.

Vanquished Creatures
  Mara (Snake:4)
  Bai Suzhen (Vaults:3)
  Jory (Vaults:3)
  A pearl dragon (Depths:1)
  Jorgrun (Shoals:3)
  2 liches (Depths:2)
  2 deep elf blademasters (Elf:3)
  5 sphinxes
  A shadow dragon (Depths:2)
  2 storm dragons (Depths:2)
  Roxanne (Snake:1)
  9 nagarajas
  5 fire giants
  3 frost giants (Depths:2)
  4 deep elf sorcerers
  3 vault wardens
  Aizul (Snake:1)
  Louise (Elf:2)
  2 spriggan defenders (Depths:2)
  12 ironheart preservers
  23 very ugly things
  4 deep elf elementalists (Elf:3)
  13 stone giants
  2 vampire knights (Depths:2)
  An apis (Depths:1)
  An ophan (Depths:1)
  10 deep elf demonologists
  5 spark wasps (Depths:2)
  11 deep elf annihilators
  9 ettins
  2 merfolk javelineers
  13 yaktaur captains
  2 merfolk impalers (Shoals:2)
  3 deep elf high priests (Elf:3)
  3 deep elf death magi
  4 great orbs of eyes
  3 fire dragons
  8 ice dragons
  11 ogre magi
  2 rakshasas
  A hell beast (Depths:1)
  7 hydras
  Harold (D:11)
  16 naga warriors
  3 spriggan air magi (Depths:2)
  5 vault guards (D:13)
  8 anacondas
  20 centaur warriors
  An alligator snapping turtle (Shoals:2)
  3 merfolk avatars
  A satyr (Shoals:3)
  24 two-headed ogres
  A death knight (Vaults:3)
  A queen ant (D:11)
  13 dancing weapons
  6 deep troll shamans
  2 tengu warriors
  18 naga sharpshooters
  6 deep troll earth magi
  2 vampire magi
  An orc high priest (Elf:3)
  4 shock serpents
  32 deep elf knights
  A spriggan berserker (Depths:2)
  An iron troll (Depths:1)
  5 hell knights
  A shadow wraith (Vaults:2)
  4 skeletal warriors (D:14)
  A salamander mystic (Snake:3)
  5 sea snakes
  3 flayed ghosts
  5 unseen horrors
  4 glowing orange brains (Depths:2)
  17 deep trolls
  The ghost of krfreak the Frost Mage, a novice BaIE of Sif Muna (D:8)
  7 naga ritualists
  18 deep elf archers
  5 wizards
  Pikel (D:4)
  10 ironbrand convokers
  A swamp dragon (shapeshifter) (Vaults:3)
  13 orc knights
  68 deep elf magi
  2 lindwurms (Lair:6)
  2 necromancers
  68 ugly things
  A phantasmal warrior (Vaults:4)
  23 harpies
  4 oklob plants
  8 orc sorcerers
  11 fauns
  4 mana vipers
  6 cyclopes
  12 manticores
  A frost giant zombie (Depths:1)
  Maurice (D:8)
  7 salamanders
  27 black mambas
  5 guardian serpents
  6 elephants
  11 vault sentinels
  3 merfolk sirens
  A rust devil (Depths:1)
  4 water nymphs
  5 centaur zombies
  2 gargoyles
  3 molten gargoyles (Lair:6)
  20 naga magi
  9 spiny frogs
  2 efreet (D:14)
  A rime drake (shapeshifter) (Vaults:3)
  10 komodo dragons
  A yaktaur (shapeshifter) (Vaults:3)
  7 kobold demonologists
  A redback zombie (D:15)
  A rime drake (Lair:4)
  An ice devil (Depths:1)
  47 yaktaurs
  2 tengu conjurers
  6 trolls
  A queen bee (D:15)
  A merfolk (shapeshifter) (Vaults:3)
  6 meliai (D:15)
  5 wind drakes
  10 merfolk
  5 hornets
  13 blink frogs
  A hornet (shapeshifter) (Vaults:1)
  15 hippogriffs
  8 slime creatures
  10 snapping turtles
  4 dream sheep (Shoals:3)
  3 spriggans
  A centaur simulacrum (D:15)
  9 air elementals
  18 water elementals
  3 wyverns
  25 yaks
  A human (D:13)
  Eustachio (D:4)
  A wraith (Vaults:1)
  2 fire elementals (Elf:3)
  2 golden eyes (shapeshifter)
  4 basilisks
  2 hungry ghosts
  2 steam dragons
  A vampire mosquito (D:9)
  48 nagas
  11 wargs
  8 soldier ants (D:11)
  5 water moccasins
  7 hell hounds
  3 acid dragons
  9 porcupines
  4 sky beasts
  7 ice beasts
  A black bear (Lair:3)
  5 phantoms
  13 boggarts
  27 orc warriors
  An eye of draining (D:12)
  A slave (D:4)
  A necrophage (D:12)
  32 centaurs
  36 ogres
  9 wolves
  4 big kobolds
  12 crocodiles
  Blork the orc (D:5)
  21 bullfrogs
  A gnoll sergeant (D:12)
  Dowan (D:4)
  4 earth elementals
  3 scorpions
  A wyvern skeleton (D:14)
  23 killer bees
  An electric eel (Lair:2)
  12 wights
  5 howler monkeys
  5 crimson imps
  A bullfrog zombie (D:7)
  6 lava snakes
  10 hounds
  5 jellies
  14 orc priests
  Crazy Yiuf (D:4)
  A bullfrog skeleton (D:7)
  5 iguanas
  41 orc wizards
  2 centaur skeletons
  2 gnoll shamans
  Terence (D:3)
  38 worker ants
  3 yak simulacra (Lair:4)
  4 polar bear simulacra (Lair:4)
  A wolf simulacrum (Lair:4)
  A killer bee zombie (D:7)
  5 hound skeletons
  A howler monkey zombie (D:5)
  15 gnolls
  16 adders
  5 shadow imps
  8 oozes
  5 adder zombies
  4 worms (D:3)
  A dart slug (D:2)
  6 leopard geckos
  91 orcs
  A ball python (D:3)
  7 giant cockroaches
  9 goblins
  7 hobgoblins
  15 jackals
  29 kobolds
  3 quokkas
  7 bats
  5 frilled lizards
  A leopard gecko skeleton (D:8)
  2 quokka skeletons
  7 rats
  3 river rat simulacra (Lair:4)
  3 plants
1728 creatures vanquished.

Vanquished Creatures (collateral kills)
  A kobold demonologist (D:15)
  A big kobold (D:15)
  4 kobolds (D:15)
6 creatures vanquished.

Vanquished Creatures (others)
  A very ugly thing (Depths:1)
  A centaur warrior (Depths:1)
  2 deep elf knights
  A deep elf mage (Elf:1)
  3 ugly things (Depths:1)
  5 yaktaurs
  A water elemental (Depths:1)
  Duvessa (D:4)
  2 orc warriors
  A slave (D:4)
  2 centaurs (Depths:2)
  A bullfrog (D:7)
  An orc priest (Elf:3)
  2 orc wizards (D:7)
  4 orcs (D:7)
  A quokka (D:12)
  4 fungi (Lair:3)
  6 plants
  6 tentacles (Shoals:3)
45 creatures vanquished.

Grand Total: 1779 creatures vanquished

Notes
Turn   | Place    | Note
-------+----------+-------------------------------------------
     0 | D:1      | Isola the Tengu Fighter began the quest for the Orb.
     0 | D:1      | Reached XP level 1. HP: 14/14 MP: 2/2
   530 | D:1      | Reached XP level 2. HP: 10/19 MP: 3/3
  1276 | D:2      | Reached XP level 3. HP: 23/23 MP: 4/4
  1433 | D:2      | Reached skill level 1 in Dodging
  1587 | D:2      | Found a sacrificial altar of Ru.
  1587 | D:2      | Found an ancient bone altar of Kikubaaqudgha.
  1587 | D:2      | Found a basalt altar of Yredelemnul.
  1745 | D:3      | Reached XP level 4. HP: 28/29 MP: 5/5
  1766 | D:3      | Gained mutation: Your natural rate of healing is unusually fast. [potion of mutation]
  1766 | D:3      | Gained mutation: You are partially covered in thin metallic scales. (AC +2) [potion of mutation]
  1910 | D:3      | Noticed Terence
  1918 | D:3      | Killed Terence
  1918 | D:3      | Gained mutation: You can fly. [Tengu growth]
  1918 | D:3      | Reached XP level 5. HP: 30/33 MP: 6/6
  2481 | D:4      | Noticed Eustachio
  2540 | D:4      | Killed Eustachio
  2540 | D:4      | Reached skill level 5 in Long Blades
  2540 | D:4      | Reached XP level 6. HP: 38/38 MP: 7/7
  2627 | D:4      | Noticed Pikel
  2627 | D:4      | Noticed a slave
  2627 | D:4      | Noticed a slave
  2628 | D:4      | Noticed a slave
  2637 | D:4      | Killed a slave
  2639 | D:4      | Noticed a slave
  2649 | D:4      | Killed Pikel
  2649 | D:4      | Reached skill level 5 in Fighting
  2649 | D:4      | Reached XP level 7. HP: 28/44 MP: 8/8
  2740 | D:4      | Reached XP level 8. HP: 32/49 MP: 9/9
  2806 | D:4      | Noticed Duvessa
  2807 | D:4      | Noticed Dowan
  3031 | D:4      | Killed Duvessa
  3089 | D:4      | Reached skill level 5 in Dodging
  3251 | D:4      | Killed Dowan
  3509 | D:4      | Found a runed door.
  3708 | D:4      | Noticed Crazy Yiuf
  3717 | D:4      | Killed Crazy Yiuf
  3781 | D:5      | Entered Level 5 of the Dungeon
  4057 | D:5      | Noticed Blork the orc
  4061 | D:5      | Found a stormy altar of Qazlal.
  4125 | D:5      | Killed Blork the orc
  4228 | D:5      | Found a sparkling altar of Nemelex Xobeh.
  4237 | D:5      | Reached XP level 9. HP: 35/55 MP: 10/10
  4591 | D:6      | Noticed a two-headed ogre
  4945 | D:6      | Killed a two-headed ogre
  4945 | D:6      | Reached skill level 10 in Long Blades
  5305 | D:7      | Reached skill level 5 in Armour
  5656 | D:7      | Reached XP level 10. HP: 34/60 MP: 11/11
  6132 | D:7      | Found a staircase to the Ecumenical Temple.
  6141 | Temple   | Entered the Ecumenical Temple
  6154 | Temple   | Became a worshipper of Warmaster Okawaru
  6504 | D:7      | Noticed a two-headed ogre
  6580 | D:7      | Killed a two-headed ogre
  6580 | D:7      | Reached * piety under Okawaru
  6982 | D:8      | Noticed Maurice
  7057 | D:8      | Killed Maurice
  7057 | D:8      | Reached skill level 1 in Invocations
  7062 | D:8      | Reached ** piety under Okawaru
  7444 | D:8      | Noticed krfreak's ghost (novice BaIE)
  7494 | D:8      | Killed krfreak's ghost
  7494 | D:8      | Reached XP level 11. HP: 57/64 MP: 12/14
  8023 | D:9      | Reached *** piety under Okawaru
  8144 | D:9      | Found a shimmering altar of Xom.
  8170 | D:9      | Paralysed by a hornet for 1 turns
  8772 | D:10     | Entered Level 10 of the Dungeon
  9805 | D:11     | Noticed an oklob plant
  9868 | D:11     | Found a staircase to the Lair.
  9877 | D:11     | Noticed a four-headed hydra
  9881 | D:11     | Killed a four-headed hydra
  9881 | D:11     | Reached **** piety under Okawaru
  9881 | D:11     | Reached skill level 5 in Invocations
  9882 | D:11     | Noticed a brown ugly thing
  9904 | D:11     | Killed a brown ugly thing
  9977 | D:11     | Found a staircase to the Orcish Mines.
 10023 | D:11     | Noticed a two-headed ogre
 10033 | D:11     | Killed a two-headed ogre
 10219 | D:11     | Noticed Harold
 10239 | D:11     | Killed Harold
 10337 | D:11     | Noticed a queen ant
 10368 | D:11     | Killed a queen ant
 10368 | D:11     | Reached ***** piety under Okawaru
 10390 | D:11     | Reached XP level 12. HP: 70/70 MP: 17/17
 10542 | D:11     | Reached skill level 10 in Dodging
 10746 | D:11     | Received a gift from Okawaru
 11159 | Lair:1   | Entered Level 1 of the Lair of Beasts
 11595 | Lair:1   | Found a snail-covered altar of Cheibriados.
 12993 | Lair:3   | Noticed a six-headed hydra
 13000 | Lair:3   | Killed a six-headed hydra
 13000 | Lair:3   | Received a gift from Okawaru
 13695 | Lair:3   | Noticed a seven-headed hydra
 13844 | Lair:4   | Found a dark tunnel.
 13866 | Lair:4   | Learned a level 9 spell: Tornado
 13887 | Volcano  | Entered a volcano
 13926 | Volcano  | Noticed a centaur warrior
 13932 | Volcano  | Killed a centaur warrior
 13932 | Volcano  | Reached XP level 13. HP: 56/74 MP: 17/20
 14254 | Lair:4   | Found a staircase to the Snake Pit.
 14360 | Lair:4   | Reached skill level 10 in Invocations
 14578 | Lair:4   | Found a staircase to the Shoals.
 15403 | Lair:5   | Received a gift from Okawaru
 15624 | Lair:5   | Found a staircase to the Slime Pits.
 15834 | Lair:5   | Noticed an ice dragon
 15868 | Lair:5   | Killed an ice dragon
 16088 | Lair:6   | Entered Level 6 of the Lair of Beasts
 16295 | Lair:6   | Reached skill level 10 in Armour
 16343 | Lair:6   | Identified a scroll of acquirement
 16344 | Lair:6   | Got a scorched cloak
 16355 | Lair:6   | Identified the +3 cloak of Senkou {rElec rC- Str+7 Stlth+} (You acquired it on level 6 of the Lair of Beasts)
 16605 | Lair:6   | Received a gift from Okawaru
 16907 | Lair:6   | Gained mutation: You can fly continuously. [Tengu growth]
 16907 | Lair:6   | Reached XP level 14. HP: 84/84 MP: 18/22
 16994 | Lair:6   | Found a large runed door.
 16997 | Lair:6   | Found a large runed door.
 17088 | Lair:6   | Reached skill level 10 in Fighting
 17088 | Lair:6   | Reached XP level 15. HP: 93/93 MP: 23/23
 17233 | Lair:6   | Reached skill level 1 in Air Magic
 17552 | Lair:6   | Reached skill level 2 in Air Magic
 17725 | Orc:1    | Entered Level 1 of the Orcish Mines
 17739 | Orc:1    | Reached skill level 3 in Air Magic
 17930 | Orc:1    | Reached skill level 4 in Air Magic
 18040 | Orc:1    | Found Ytumurpho's Weapon Boutique.
 18284 | Orc:2    | Entered Level 2 of the Orcish Mines
 18349 | Orc:2    | Paralysed by an orc sorcerer for 6 turns
 18357 | Orc:2    | Received a gift from Okawaru
 18372 | Orc:2    | Reached skill level 5 in Air Magic
 18439 | Orc:2    | Found a staircase to the Elven Halls.
 18674 | Orc:2    | Found Mautzu Vira's Magic Scroll Boutique.
 18674 | Orc:2    | Found Jaerat's Food Emporium.
 18694 | Orc:2    | Bought a scroll of enchant weapon for 90 gold pieces
 18713 | Orc:2    | Bought a scroll of identify for 24 gold pieces
 18713 | Orc:2    | Bought a scroll of identify for 24 gold pieces
 18713 | Orc:2    | Bought a scroll of identify for 24 gold pieces
 18772 | Orc:2    | Received a gift from Okawaru
 18772 | Orc:2    | Reached skill level 6 in Air Magic
 18845 | Orc:2    | Found a shimmering altar of Xom.
 18883 | Orc:2    | Found Ufuczoz's Book Boutique.
 18883 | Orc:2    | Found Ycsot's General Store.
 18961 | Orc:2    | Found a roughly hewn altar of Beogh.
 19402 | D:12     | Reached skill level 7 in Air Magic
 19765 | D:12     | Found a white marble altar of Elyvilon.
 19900 | D:13     | Found Afapen's Assorted Antiques.
 19916 | D:13     | Bought a runed buckler for 247 gold pieces
 19973 | D:13     | Reached skill level 8 in Air Magic
 19983 | D:13     | Reached ****** piety under Okawaru
 20000 | D:13     | Found a gate to the Vaults.
 20007 | D:13     | Received a gift from Okawaru
 20271 | D:13     | Reached skill level 9 in Air Magic
 20420 | D:13     | Reached XP level 16. HP: 87/101 MP: 24/24
 20860 | D:14     | Reached skill level 10 in Air Magic
 21379 | D:15     | Entered Level 15 of the Dungeon
 21399 | D:14     | Reached skill level 11 in Air Magic
 21476 | D:15     | Received a gift from Okawaru
 21602 | D:15     | Reached skill level 15 in Dodging
 21724 | D:15     | Reached skill level 12 in Air Magic
 21870 | D:15     | Received a gift from Okawaru
 22094 | D:15     | Found a staircase to the Depths.
 22600 | Snake:1  | Entered Level 1 of the Snake Pit
 22753 | Snake:1  | Noticed Roxanne
 22845 | Snake:1  | Killed Roxanne
 22846 | Snake:1  | Identified Roxanne's Volume of the Rocks (You took it off Roxanne on level 1 of the Snake Pit)
 22879 | Snake:1  | Reached skill level 5 in Shields
 22915 | Snake:1  | Noticed Aizul
 22957 | Snake:1  | Reached skill level 13 in Air Magic
 23065 | Snake:1  | Reached XP level 17. HP: 102/108 MP: 25/25
 23138 | Snake:1  | Killed Aizul
 23228 | Snake:1  | Received a gift from Okawaru
 23309 | Snake:1  | Got a shimmering gossamer ring
 23311 | Snake:1  | Identified the ring "Xunkoypi" {rElec MR+ Int-2 SInv} (You found it on level 1 of the Snake Pit)
 23784 | Snake:2  | Reached skill level 14 in Air Magic
 24360 | Snake:1  | Received a gift from Okawaru
 24756 | Snake:2  | Found Suwnegot's Gadget Shop.
 25278 | Snake:3  | Reached skill level 1 in Spellcasting
 25283 | Snake:3  | Reached skill level 15 in Air Magic
 25920 | Snake:3  | Found a sacrificial altar of Ru.
 26100 | Snake:4  | Entered Level 4 of the Snake Pit
 26119 | Snake:4  | Found Bued Cep's Food Emporium.
 26255 | Shoals:1 | Entered Level 1 of the Shoals
 26255 | Shoals:1 | Found Fupn's Weapon Boutique.
 26817 | Shoals:1 | Reached skill level 16 in Air Magic
 26825 | Shoals:1 | Received a gift from Okawaru
 27420 | Shoals:2 | Reached skill level 5 in Spellcasting
 27439 | Shoals:2 | Reached XP level 18. HP: 113/113 MP: 26/26
 28542 | Shoals:3 | Reached skill level 17 in Air Magic
 28862 | Shoals:3 | Noticed Jorgrun
 28883 | Shoals:3 | Killed Jorgrun
 30168 | Shoals:2 | Received a gift from Okawaru
 31120 | Snake:4  | Reached skill level 18 in Air Magic
 31205 | Snake:4  | Noticed Mara
 31207 | Snake:4  | Received a gift from Okawaru
 31242 | Snake:4  | Killed Mara
 31710 | Snake:4  | Reached XP level 19. HP: 120/120 MP: 30/32
 31939 | Snake:4  | Got a serpentine rune of Zot
 32419 | Vaults:1 | Entered Level 1 of the Vaults
 32731 | Vaults:1 | Reached skill level 10 in Spellcasting
 32835 | Vaults:1 | Found Rauphu Hyde's Food Shop.
 32961 | Vaults:1 | Received a gift from Okawaru
 33134 | Vaults:1 | Found Ishreot's General Store.
 33481 | Vaults:1 | Found Arusoota's Magic Scroll Shop.
 33484 | Vaults:1 | Bought a scroll of teleportation for 42 gold pieces
 33484 | Vaults:1 | Bought a scroll of teleportation for 42 gold pieces
 33484 | Vaults:1 | Bought a scroll of teleportation for 42 gold pieces
 33565 | Vaults:1 | Received a gift from Okawaru
 33768 | Vaults:1 | Reached skill level 19 in Air Magic
 34543 | Vaults:2 | Reached XP level 20. HP: 127/127 MP: 37/37
 34701 | Vaults:2 | Found a staircase to the Crypt.
 35624 | Vaults:3 | Noticed Bai Suzhen
 35799 | Vaults:3 | Found Tupsifoji's Magic Scroll Boutique.
 36075 | Vaults:3 | Received a gift from Okawaru
 36091 | Vaults:3 | Reached skill level 20 in Air Magic
 36223 | Vaults:3 | Killed Bai Suzhen
 36308 | Vaults:3 | Noticed Jory
 36327 | Vaults:3 | Killed Jory
 36708 | Vaults:3 | Received a gift from Okawaru
 36919 | Vaults:3 | You are sucked into a shaft!
 37567 | Vaults:4 | Received a gift from Okawaru
 37582 | Vaults:4 | Reached skill level 15 in Long Blades
 38029 | Vaults:4 | Reached XP level 21. HP: 132/132 MP: 38/38
 38145 | Vaults:5 | Entered Level 5 of the Vaults
 38314 | Elf:1    | Entered Level 1 of the Elven Halls
 38637 | Elf:1    | Reached skill level 15 in Armour
 39081 | Elf:1    | Identified the Disquisition on Summoning
 39197 | Elf:2    | Noticed Louise
 39248 | Elf:2    | Received a gift from Okawaru
 39271 | Elf:2    | Killed Louise
 39287 | Elf:2    | Got an encrusted hat {god gift}
 39288 | Elf:2    | Identified the +0 hat "Gaimucyo" {rCorr Str+4 Slay+3} (Okawaru gifted it to you on level 2 of the Elven Halls)
 39949 | Elf:2    | Found a large runed door.
 39949 | Elf:2    | Found a large runed door.
 39977 | Elf:2    | Found a large runed door.
 39977 | Elf:2    | Found a large runed door.
 40032 | Elf:3    | Entered Level 3 of the Elven Halls
 40108 | Elf:3    | Found Ahybb's Armour Emporium.
 40673 | Elf:3    | Received a gift from Okawaru
 40840 | Elf:3    | Reached XP level 22. HP: 134/137 MP: 39/39
 41384 | Elf:3    | Gained mutation: You are frail. (-10% HP) [a neqoxec]
 41907 | Elf:3    | Got a slimy copper ring
 42265 | Elf:2    | Lost mutation: Your natural rate of healing is unusually fast. [potion of mutation]
 42265 | Elf:2    | Lost mutation: You are frail. (-10% HP) [potion of mutation]
 42265 | Elf:2    | Gained mutation: Your spells are a little easier to cast, but a little less powerful. [potion of mutation]
 42265 | Elf:2    | Gained mutation: Your mind is acute. (Int +2) [potion of mutation]
 42265 | Elf:2    | Gained mutation: You are agile. (Dex +2) [potion of mutation]
 42265 | Elf:2    | Gained mutation: You are very agile. (Dex +4) [potion of mutation]
 42349 | Elf:3    | Identified the ring of Nif Vioj {rPois rF+} (You took it off a deep elf blademaster on level 3 of the Elven Halls)
 42406 | Elf:3    | Reached skill level 21 in Air Magic
 42449 | Elf:3    | Identified the Collected Works on the Feathery Compass
 42457 | Elf:3    | Learned a level 5 spell: Silence
 42508 | Elf:3    | Got a scorched hat
 42510 | Elf:3    | Identified the Incunabulum of the Earthen Blaze
 42602 | Elf:3    | Identified the cursed +0 hat "Juath" {+Blink Dex+2 Stlth+} (You found it on level 3 of the Elven Halls)
 42818 | Depths:1 | Entered Level 1 of the Depths
 43105 | Depths:1 | Found a gateway to a bazaar.
 43207 | Bazaar   | Entered a bazaar
 43287 | Bazaar   | Found Hishyara's Book Shoppe.
 43287 | Bazaar   | Found Gucheal's Jewellery Emporium.
 43310 | Bazaar   | Found Allingaps's Armour Shoppe.
 43310 | Bazaar   | Found Toddiy's Magic Scroll Emporium.
 43331 | Bazaar   | Found Efaod's Magic Scroll Shoppe.
 43335 | Bazaar   | Bought a scroll of teleportation for 27 gold pieces
 43384 | Bazaar   | Bought a scroll of acquirement for 780 gold pieces
 43394 | Bazaar   | Bought a scroll of teleportation for 45 gold pieces
 43394 | Bazaar   | Bought a scroll of fog for 30 gold pieces
 43415 | Bazaar   | Bought an uncursed ring of protection from cold for 275 gold pieces
 43742 | Depths:1 | Received a gift from Okawaru
 43919 | Depths:1 | Found a one-way gate leading to the halls of Pandemonium.
 43998 | Depths:1 | Reached skill level 22 in Air Magic
 44143 | Depths:1 | Found a gateway to Hell.
 44191 | Depths:1 | You are sucked into a shaft!
 44600 | Depths:1 | Found a glowing golden altar of the Shining One.
 44600 | Depths:1 | Found a white marble altar of Elyvilon.
 44600 | Depths:1 | Found a glowing silver altar of Zin.
 45326 | Depths:2 | Reached XP level 23. HP: 123/142 MP: 41/41
 45556 | Depths:2 | Received a gift from Okawaru
 46346 | Depths:2 | Noticed a golden dragon
 46657 | Depths:2 | Paralysed by a vampire knight for 7 turns
 46881 | Depths:2 | Received a gift from Okawaru
 47141 | Depths:2 | Reached skill level 23 in Air Magic
 47607 | Depths:3 | Found a flickering gateway to a bazaar.
 47645 | Bazaar   | Entered a bazaar
 47645 | Bazaar   | Found Jegown Yfiar's Armour Boutique.
 47876 | Bazaar   | Found Opir's General Store.
 47879 | Bazaar   | Found Kuhagrat's Book Emporium.
 47882 | Bazaar   | Bought a potion of heal wounds for 60 gold pieces
 47882 | Bazaar   | Bought a scroll of silence for 90 gold pieces
 47914 | Bazaar   | Found Wehab's Antique Armour Shoppe.
 47921 | Bazaar   | Bought a runed buckler for 202 gold pieces
 48057 | Depths:3 | Found Cunk's Assorted Antiques.
 48071 | Depths:3 | Bought a scroll of blinking for 292 gold pieces
 48071 | Depths:3 | Bought a scroll of teleportation for 117 gold pieces
 48094 | Depths:2 | Paralysed by a great orb of eyes for 6 turns
 48097 | Depths:2 | Mangled by a white very ugly thing

Vault maps used:
D:1:      dpeg_arrival_water_temple_mockup, hex_intersection
D:2:      gammafunk_temple_overflow_claw, kennysheep_generic_room_3
D:3:      first_bread, uniq_terence
D:4:      supply_closet_lemuel, corexii_leaking_fountain, uniq_pikel,
          uniq_eustachio, uniq_duvessa, uniq_crazy_yiuf_cottage
D:5:      nicolae_qazlal_general_emergency, nemelex_dance_club_becter,
          uniq_blork_the_orc
D:7:      kennysheep_windowed_halls, lemuel_temple_firewalk_a, serial_curves,
          eino_curves_04, eino_curves_03
D:8:      hangedman_little_slice_of_home, uniq_maurice
D:9:      basic_altar
D:11:     dpeg_oklobed_lair, zaba_antful_of_joy, uniq_harold
D:12:     elyvilon_altar_4
D:13:     grunt_vaults_entry_fortified, serial_shops, shop
D:15:     grunt_enter_depths_snipers, minivault_7
Temple:   nicolae_temple_no_exploring_needed
Lair:1:   basic_altar
Lair:2:   st_stairs_12
Lair:4:   shoals_dummy_entry, guppyfry_snake_entry_island,
          nicolae_volcano_entry_lava_flow, eino_house_with_fridge
Lair:5:   dragon1_lemuel, dpeg_slime_entry_corner, bh_autumn_forest_stairs,
          st_stairs_9, beast_lair_carwin_11, grunt_megastairs_5
Lair:6:   cheibrodos_lair_end_hotspot, grunt_forest_stairs_basic
Shoals:1: serial_shops, shop
Shoals:2: centaur_isle
Shoals:3: nicolae_shoals_this_corrosion, uniq_jorgrun
Snake:1:  dpeg_stationary_puzzle, uniq_aizul, uniq_roxanne
Snake:2:  st_stairs_14, minmay_shop_star, serial_bayou_shore_b,
          lemuel_fruit_tree
Snake:3:  basic_altar
Snake:4:  snake_pit, serial_shops, shop, uniq_mara
Orc:1:    serial_shops, shop
Orc:2:    st_orc_town, basic_altar, mines_bat_river
Elf:1:    kennysheep_ambush_hall, minmay_elf_demonology, st_stairs_10,
          onia_ninara_cookie
Elf:2:    minivault_19, uniq_louise
Elf:3:    minmay_elf_hall_x, serial_shops, shop
Vaults:1: nicolae_vaults_network_quinsquares, vaults_room_ringed_pool,
          v_alt_pattern_2, nicolae_vaults_gold_heap, v_alt_pattern_6,
          nicolae_vaults_little_squares_1, v_misc_16, st_spiral_rooms,
          ontoclasm_vaults_ring_square, ontoclasm_vaults_loading_screen,
          ontoclasm_vaults_twist, ontoclasm_vaults_loading_screen,
          v_alt_pattern_3, nicolae_vaults_border_crossing, serial_shops, shop,
          nicolae_shop_trees, shop_statue
Vaults:2: nicolae_vaults_mini_display_case, v_misc_22, ontoclasm_vaults_hangar,
          hangedman_vaults_stretched_pinwheel, nicolae_vaults_alarming,
          vaults_standard_mumra_lines, grunt_vaults_hallway_short,
          ontoclasm_vaults_gateway
Vaults:3: nicolae_vaults_puzzle_piece, v_rooms_1, nicolae_vaults_circle_grid_b,
          ontoclasm_vaults_gallery, v_alt_pattern_2, nicolae_vaults_theta,
          nicolae_vaults_little_ls, ontoclasm_vaults_fault,
          nicolae_vaults_theta, grunt_vaults_bifocal, v_pattern_5, serial_shops,
          shop, uniq_bai_suzhen, uniq_jory
Vaults:4: hangedman_vaults_restitches, v_misc_11, nicolae_vaults_murderbox,
          hangedman_vaults_locks, vaults_room_corners, vaults_room_corners,
          ontoclasm_vaults_loading_screen, vaults_room_door_hall,
          vaults_room_hallway
Vaults:5: uniq_margery, uniq_mennas
Depths:1: grunt_mini_vestibule, hangedman_abyss_or_decor_lesser_grid,
          serial_shops, freezing_bzr, pan_entry, hallowed_hall
Depths:2: grunt_runaround, hell_entry
Depths:3: minmay_glassy_protrusions, enter_ziggurat_e, hell_entry,
          minmay_misc_feat_secret_circle, serial_shops, bzr_in_the_mist,
          kennysheep_mini, shop, nicolae_shop_statue_plus,
          nicolae_shop_overgrown_old_shop, rand_demon_pan_entry_7, spider_trap
Bazaar:   bazaar_short_row, bazaar_kb_twisted_cavern
Volcano:  volcano_pools

Skill      XL: |  1  2  3  4  5  6  7  8  9 10 11 12 13 14 15 16 17 18 19 20 21 22 23 |
---------------+----------------------------------------------------------------------+-----
Long Blades    | 3 4 5 7 9 11 12 13 14 15 16 | 16.4
Dodging        | 1 3 4 5 7 8 9 11 12 13 14 15 | 15.4
Fighting       | 4 5 6 8 10 11 12 13 14 | 14.0
Armour         | 5 6 8 10 11 14 17 20 | 20.0
Invocations    | 3 6 9 10 | 10.0
Air Magic      | 9 13 16 18 19 20 22 23 | 23.3
Shields        | 4 5 8 |  8.6
Spellcasting   | 5 8 12 13 14 | 14.0

Action                   |  1- 3 |  4- 6 |  7- 9 | 10-12 | 13-15 | 16-18 | 19-21 | 22-24 || total
-------------------------+-------+-------+-------+-------+-------+-------+-------+-------++-------
Melee: Long sword        |    84 |   120 |   189 |   109 |     8 |       |       |       ||   510
       Peck              |    18 |    26 |    65 |   283 |   207 |   438 |   529 |   421 ||  1987
       Kick              |    16 |    36 |   126 |   402 |   273 |   673 |   789 |   673 ||  2988
       Scimitar          |       |       |   141 |  1008 |    20 |       |       |       ||  1169
       Punch             |       |       |       |     2 |     3 |       |       |       ||     5
       Demon blade       |       |       |       |       |   741 |  1512 |   787 |       ||  3040
       Double sword      |       |       |       |       |       |       |   763 |  1012 ||  1775
 Fire: Blowgun           |       |     2 |       |       |       |       |       |       ||     2
Throw: Tomahawk          |       |       |     6 |    11 |       |       |       |       ||    17
       Throwing net      |       |       |       |     4 |       |       |       |       ||     4
       Javelin           |       |       |       |       |       |       |       |     2 ||     2
Invok: Heroism           |       |       |       |     8 |    10 |    10 |    10 |     7 ||    45
       Finesse           |       |       |       |       |     3 |     4 |     4 |     6 ||    17
 Abil: Fly               |       |       |     4 |    31 |    14 |       |       |       ||    49
Evoke: Wand              |       |       |       |    15 |     2 |       |     1 |       ||    18
  Use: Scroll            |       |     3 |    15 |    12 |    12 |    15 |    14 |     8 ||    79
       Potion            |       |     4 |     3 |     5 |     3 |     4 |     1 |     6 ||    26
 Stab: Sleeping          |       |       |       |     4 |     5 |     6 |     1 |     1 ||    17
       Held in net/web   |       |       |       |     3 |       |       |       |       ||     3
       Distracted        |       |       |       |       |       |     1 |     2 |     2 ||     5
  Eat: Chunk             |     3 |     3 |    10 |    28 |    19 |    28 |    26 |    19 ||   136
       Fruit             |       |       |       |     2 |     1 |     6 |     1 |     3 ||    13
       Meat ration       |       |       |       |     1 |     1 |     1 |       |       ||     3
       Bread ration      |       |       |       |       |       |       |     1 |       ||     1
Armor: Scale mail        |    52 |    62 |   139 |   203 |    13 |       |       |       ||   469
       Skin              |       |       |       |    15 |       |       |       |       ||    15
       Acid dragon scale |       |       |       |   103 |   143 |   290 |   273 |   189 ||   998
Dodge: Dodged            |    37 |    68 |   179 |   640 |   557 |  1145 |  1146 |   769 ||  4541
Block: Buckler           |       |       |       |       |    26 |   372 |   431 |   711 ||  1540
       Reflection        |       |       |       |       |       |       |       |    45 ||    45
       Rpst.: Long sword |    14 |    20 |    31 |    16 |     1 |       |       |       ||    82
       Scimitar          |       |       |    23 |   157 |     1 |       |       |       ||   181
       Demon blade       |       |       |       |       |   142 |   184 |   108 |       ||   434
       Double sword      |       |       |       |       |       |       |   130 |   144 ||   274
